 Dungeon Crawl Stone Soup version 0.24.1-14-gf8d2b509d9 (webtiles) character file.

Game seed: 10196755503581576124, levelgen mode: deterministic

99738 nightchill the Eye of the Storm (level 15, -7/124 HPs)
             Began as a Demonspawn Fighter on May 31, 2020.
             Was a Priest of Qazlal.
             Mangled by an entropy weaver (16 damage)
             ... on level 2 of the Spider Nest on June 1, 2020.
             The game lasted 01:59:34 (39122 turns).

nightchill the Eye of the Storm (DsFi)             Turns: 39122, Time: 01:59:35

Health: -7/124     AC:  3    Str: 24    XL:     15   Next: 78%
Magic:  24/28      EV:  8    Int:  7    God:    Qazlal [***...]
Gold:   316        SH: 14    Dex: 14    Spells: 14/14 levels left

rFire    + . .     SeeInvis .   a - +3 broad axe (flame)
rCold    + . .     Gourm    .   c - +0 shield
rNeg     . . .     Faith    .   X - +5 scale mail of the Sixty-Six Dances {rElec MR+}
rPois    +         Spirit   .   D - +0 hat of the Known World {MR+ Str+2}
rElec    +         Reflect  .   (no cloak)
rCorr    .         Harm     .   (no gloves)
MR       +++..                  (no boots)
Stlth    +.........             z - amulet of the acrobat
HPRegen  0.30/turn              y - ring "Wiff" {+Blink rF+ rC+}
MPRegen  0.21/turn              i - ring of Voras {+Inv rElec rPois Int-2}

@: corroded
A: talons 2, demonic guardian 2, spiny 1, sturdy frame 3
a: Upheaval, Elemental Force, Renounce Religion, Evoke Blink, Evoke Invisibility


You were on level 2 of the Spider Nest.
You worshipped Qazlal.
Qazlal was most pleased with you.
You were very hungry.

You visited 5 branches of the dungeon, and saw 26 of its levels.

You collected 2592 gold pieces.
You spent 2276 gold pieces at shops.

Inventory:

Hand Weapons
 a - a +3 broad axe of flaming (weapon)
 b - a +0 broad axe of flaming
Missiles
 e - 92 poisoned darts (quivered)
 A - a throwing net
 K - 8 silver boomerangs
Armour
 c - a +0 shield (worn)
 D - the +0 hat of the Known World (worn) {MR+ Str+2}
   (You found it on level 12 of the Dungeon)

   It affects your strength (+2).
   It affects your resistance to hostile enchantments.
 X - the +5 scale mail of the Sixty-Six Dances (worn) {rElec MR+}
   (You found it on level 10 of the Dungeon)

   It insulates you from electricity.
   It affects your resistance to hostile enchantments.
Jewellery
 i - the ring of Voras (right hand) {+Inv rElec rPois Int-2}
   (You bought it in a shop on level 6 of the Dungeon)

   [ring of poison resistance]

   It affects your intelligence (-2).
   It insulates you from electricity.
   It protects you from poison.
   It lets you turn invisible.
 y - the ring "Wiff" (left hand) {+Blink rF+ rC+}
   (You bought it in a shop on level 2 of the Orcish Mines)

   [ring of protection from cold]

   It protects you from fire.
   It protects you from cold.
   It lets you blink.
 z - an amulet of the acrobat (around neck)
 B - an uncursed ring of protection from fire
 I - an uncursed ring of resist corrosion
 O - an uncursed ring of ice
 R - a +3 amulet of reflection
 W - an uncursed ring of see invisible
Wands
 r - a wand of digging (20)
 s - a wand of acid (8)
 t - a wand of clouds (4)
 C - a wand of flame (85)
 G - a wand of polymorph (20)
 M - a wand of iceblast (24)
 Q - a wand of paralysis (6)
 U - a wand of disintegration (17)
Scrolls
 l - 5 scrolls of teleportation
 q - a scroll of vulnerability
 u - 4 scrolls of fog
 v - 6 scrolls of remove curse
 E - 2 scrolls of identify
 F - 4 scrolls of fear
 J - 5 scrolls of magic mapping
 L - 3 scrolls of enchant armour
 N - 2 scrolls of torment
 T - a scroll of silence
 Y - 3 scrolls of immolation
Potions
 d - 5 potions of might
 g - a potion of ambrosia {unknown}
 h - 2 potions of resistance
 j - a potion of heal wounds
 k - 5 potions of curing
 m - 2 potions of berserk rage
 n - 4 potions of invisibility
 o - 6 potions of lignification
 p - 5 potions of brilliance
 w - 4 potions of agility
 x - 3 potions of magic
 H - 5 potions of flight
 S - 4 potions of mutation
 Z - 2 potions of haste
Miscellaneous
 V - a lamp of fire
Comestibles
 f - 38 rations


   Skills:
 + Level 13.2 Fighting
 * Level 16.3 Axes
 - Level 2.6 Armour
 - Level 2.6 Shields
 * Level 19.7 Invocations
 + Level 6.4 Evocations


You had 14 spell levels left.
You didn't know any spells.
Your spell library contained the following spells:

 Spells                   Type           Power        Failure   Level  Hunger
 Flame Tongue             Conj/Fire      #....        95%         1    ##.....
 Shock                    Conj/Air       #...         95%         1    ##.....
 Sting                    Conj/Pois      #...         95%         1    ##.....
 Summon Butterflies       Summ           #.......     95%         1    ##.....
 Summon Small Mammal      Summ           #...         95%         1    ##.....
 Call Imp                 Summ           #.......     99%         2    ###....
 Corpse Rot               Necr           N/A          99%         2    ###....
 Poisonous Vapours        Pois/Air       #.....       99%         2    ###....
 Sublimation of Blood     Necr           #.........   99%         2    ###....
 Swiftness                Chrm/Air       #.......     99%         2    ###....
 Throw Flame              Conj/Fire      #.....       99%         2    ###....
 Call Canine Familiar     Summ           #.......     100%        3    ####...
 Conjure Flame            Conj/Fire      #.......     100%        3    ####...
 Inner Flame              Hex/Fire       #.......     100%        3    ####...
 Mephitic Cloud           Conj/Pois/Air  #.......     100%        3    ####...
 Static Discharge         Conj/Air       #.......     100%        3    ####...
 Summon Guardian Golem    Hex/Summ       #.......     100%        3    ####...
 Airstrike                Air            #.........   100%        4    #####..
 Cause Fear               Hex            #.........   100%        4    #####..
 Olgreb's Toxic Radiance  Pois           #.......     100%        4    #####..
 Sticky Flame             Conj/Fire      #.......     100%        4    #####..
 Summon Ice Beast         Ice/Summ       #.......     100%        4    #####..
 Summon Lightning Spire   Summ/Air       #.......     100%        4    #####..
 Agony                    Necr           #.......     100%        5    ######.
 Bolt of Draining         Conj/Necr      #.........   100%        5    ######.
 Dispel Undead            Necr           #.......     100%        5    ######.
 Excruciating Wounds      Chrm/Necr      #.........   100%        5    ######.
 Fireball                 Conj/Fire      #.........   100%        5    ######.
 Lightning Bolt           Conj/Air       #.........   100%        5    ######.
 Silence                  Hex/Air        #.........   100%        5    ######.
 Summon Mana Viper        Hex/Summ       #.......     100%        5    ######.
 Venom Bolt               Conj/Pois      #.........   100%        5    ######.
 Yara's Violent Unravell  Hex/Tmut       #.........   100%        5    ######.
 Deflect Missiles         Chrm/Air       #.........   100%        6    #######
 Summon Hydra             Summ           #.........   100%        7    #######
 Discord                  Hex            #.........   100%        8    #######


Dungeon Overview and Level Annotations

Branches:
Dungeon (15/15) Temple (1/1) D:7 Lair (6/6) D:9 Shoals (0/4) Lair:4 Spider (2/4) Lair:3 Slime (0/5) Lair:5 Orc (2/2) D:12 Elf (0/3) Orc:2 Vaults (0/5) D:13 D:14 Depths (0/5) D:15

Altars:
Cheibriados
Dithmenos
Elyvilon
Fedhas
Gozag
Hepliaklqana
Kikubaaqudgha
Makhleb
Nemelex Xobeh
Okawaru
Qazlal
Ru
Sif Muna
Trog
Uskayaw
Vehumet
Wu Jian
Xom
Yredelemnul
The Shining One
Beogh
Jiyva

Shops:
D:4 *   D:5 [   D:6 }=(=   D:8 *   D:12 (   Orc:2 (==:

Annotations:
D:7 exclusion: downstairs
D:10 3 runed translucent doors, Tommers's ghost, journeyman TeAE
D:13 2 runed translucent doors
D:15 Roxanne
Lair:5 1 runed translucent door, Imumygh's ghost, journeyman HOMo


Innate Abilities, Weirdness & Mutations

You have razor-sharp toenails.
A demonic guardian rushes to your aid.
You are partially covered in sharp spines.
Your movements are significantly less encumbered by armour. (ER -6)


Message History

The entropy weaver hits you!
* * * LOW HITPOINT WARNING * * *
The entropy weaver hits you!
* * * LOW HITPOINT WARNING * * *
Your sixfirhy hits the entropy weaver.
Your sixfirhy shocks the entropy weaver!
Aiming: Upheaval
Press: ? - help, Dir - move target cursor
Okay, then.
Okay, then.
Aiming: Upheaval
Press: ? - help, Dir - move target cursor A storm cloud blasts the area with cutting wind!
Your sixfirhy hits the entropy weaver but does no damage.
Your sixfirhy closely misses the entropy weaver.
Your sixfirhy hits the entropy weaver!
Your sixfirhy shocks the entropy weaver!
The entropy weaver is struck by your spines.
The entropy weaver hits you!
You die...

.# #. ## ## .. # #.###
##..##. #. #. #..#.
#..#...##. #..#..#.
#..#^.#.. #.>.#..####
#####..##.##
#...#@..###^.^##......
#^a3...##......#.#.#
#.####..#..#.....#..
.ยง# ##....#..#.###.
..#. ..#.#.###..####!
#.. ? ...#.#...### #..
## #. #...#.#.#### #..
# ##..#....#.###..
##..#.##.....^#.#


You could see an entropy weaver and a friendly sixfirhy.

Vanquished Creatures
  Arachne (Spider:2)
  Rupert (D:14)
  Kirke (D:15)
  2 entropy weavers (Spider:1)
  A spark wasp (Spider:2)
  A dire elephant (Lair:6)
  Josephine (D:10)
  Erolcha (Orc:2)
  A hydra (Lair:6)
  2 centaur warriors
  2 two-headed ogres
  4 death yaks (Lair:4)
  A skeletal warrior (D:12)
  A flayed ghost (D:15)
  A harpy (D:13)
  A necromancer (D:15)
  3 orc knights
  9 wolf spiders
  An oklob plant (Lair:1)
  A fire giant zombie (D:15)
  3 cyclopes
  7 orb spiders
  8 orc sorcerers
  13 slime creatures
  A moth of wrath (Lair:3)
  An ugly thing (D:12)
  9 elephants
  2 manticores
  A frost giant zombie (D:15)
  A deep elf mage (D:14)
  A black mamba (Lair:2)
  Joseph (D:7)
  3 gargoyles
  An elf zombie (D:15)
  8 spiny frogs
  3 demonic crawlers (Spider:2)
  4 rime drakes
  7 komodo dragons
  A guardian mummy (D:14)
  A polar bear (Lair:5)
  3 trolls (Orc:2)
  12 jumping spiders
  5 hornets
  26 blink frogs
  5 hippogriffs
  30 redbacks
  A shadow (D:13)
  5 wraiths (D:10)
  An ettin skeleton (D:15)
  A wyvern (D:7)
  16 tarantellas
  9 hogs
  17 humans
  2 basilisks
  24 yaks
  6 wargs
  A soldier ant (D:12)
  2 acid dragons
  4 sky beasts
  13 water moccasins
  12 porcupines
  11 ice beasts
  A phantom (D:6)
  5 black bears
  2 necrophages
  29 orc warriors
  9 ogres
  5 centaurs
  10 wolves
  17 crocodiles
  2 big kobolds
  14 bullfrogs
  A water moccasin skeleton (D:5)
  5 scorpions
  11 killer bees
  10 wights
  A howler monkey (D:7)
  3 crimson imps
  2 quasits (D:10)
  3 hounds
  6 jellies
  14 orc priests
  2 bullfrog skeletons
  4 centaur skeletons
  48 orc wizards
  7 iguanas
  7 worker ants
  A hound zombie (D:5)
  A hound skeleton (D:9)
  A howler monkey zombie (D:7)
  A worker ant zombie (D:8)
  7 gnolls
  A howler monkey skeleton (D:4)
  9 adders
  2 shadow imps (D:12)
  14 oozes
  An adder skeleton (D:9)
  4 worms
  3 dart slugs
  2 leopard geckos
  152 orcs
  4 giant cockroaches
  6 goblins
  9 hobgoblins
  7 jackals
  2 quokkas
  3 ball pythons
  6 bats
  8 frilled lizards
  13 kobolds
  A leopard gecko zombie (D:8)
  A quokka skeleton (D:6)
  4 rats
  A fungus (Lair:6)
  3 plants (Lair:6)
803 creatures vanquished.

Vanquished Creatures (collateral kills)
  4 dire elephants (Lair:6)
  Snorg (D:13)
  A catoblepas (D:15)
  An anaconda (Lair:6)
  A death knight (D:12)
  A two-headed ogre (D:13)
  3 death yaks
  A skeletal warrior (D:15)
  A phantasmal warrior (D:13)
  An orb spider (Spider:1)
  A spiny frog (Lair:4)
  2 rime drakes
  A centaur skeleton (D:14)
  A komodo dragon (Lair:2)
  2 freezing wraiths
  A troll (Orc:1)
  A jumping spider (Spider:2)
  A slime creature (D:15)
  7 blink frogs
  2 redbacks
  A tarantella (Spider:1)
  A hungry ghost (D:10)
  A wraith (D:10)
  A porcupine (D:9)
  2 ice beasts (Lair:3)
  2 sky beasts
  3 orc warriors
  An ogre (D:8)
  A big kobold (D:8)
  A bullfrog (D:13)
  A wyvern zombie (D:13)
  A howler monkey (D:4)
  A crimson imp (D:12)
  A bullfrog zombie (D:13)
  A hound (D:4)
  An orc priest (D:3)
  An orc wizard (D:15)
  A gnoll (D:8)
  3 oozes (Lair:1)
  11 orcs
  A plant (Lair:6)
71 creatures vanquished.

Vanquished Creatures (others)
  A deep elf mage (D:12)
  An orc warrior (Orc:2)
  A kobold (D:12)
  30 fungi
  13 plants
46 creatures vanquished.

Grand Total: 920 creatures vanquished

Notes
Turn   | Place    | Note
-------+----------+-------------------------------------------
     0 | D:1      | nightchill the Demonspawn Fighter began the quest for the
                  | Orb.
     0 | D:1      | Reached XP level 1. HP: 18/18 MP: 1/1
   120 | D:1      | Found a sparkling altar of Nemelex Xobeh.
   264 | D:1      | Gained mutation: Your movements are slightly less
                  | encumbered by armour. (ER -2) [demonic ancestry]
   264 | D:1      | Reached XP level 2. HP: 23/24 MP: 2/2
  1342 | D:2      | Gained mutation: A weak demonic guardian rushes to your
                  | aid. [demonic ancestry]
  1342 | D:2      | Reached XP level 3. HP: 23/29 MP: 3/3
  1734 | D:2      | You fall into a shaft and drop 2 floors!
  1741 | D:4      | Reached XP level 4. HP: 21/37 MP: 4/4
  1977 | D:4      | Found a hazy altar of Hepliaklqana.
  1977 | D:4      | Found a hide-covered altar of Uskayaw.
  1977 | D:4      | Found Xofywana's Assorted Antiques.
  1977 | D:4      | Found a shimmering altar of Xom.
  2111 | D:4      | Reached XP level 5. HP: 34/42 MP: 5/5
  2952 | D:5      | Entered Level 5 of the Dungeon
  3018 | D:5      | Gained mutation: Your movements are less encumbered by
                  | armour. (ER -4) [demonic ancestry]
  3018 | D:5      | Reached XP level 6. HP: 34/49 MP: 6/6
  3262 | D:3      | Reached skill level 5 in Axes
  4268 | D:2      | Found an ornate altar of the Wu Jian Council.
  4847 | D:5      | Reached skill level 5 in Fighting
  5091 | D:5      | Gained mutation: You have sharp toenails. [demonic
                  | ancestry]
  5091 | D:5      | Reached XP level 7. HP: 47/56 MP: 7/7
  5971 | D:5      | Found Keta's Antique Armour Shop.
  6428 | D:6      | Found Ytodiuck's Weapon Boutique.
  6451 | D:6      | Found Qiemedena's Jewellery Boutique.
  6733 | D:6      | Gained mutation: Your movements are significantly less
                  | encumbered by armour. (ER -6) [demonic ancestry]
  6733 | D:6      | Reached XP level 8. HP: 46/64 MP: 8/8
  6736 | D:6      | Found Moimeqeb's Jewellery Emporium.
  6957 | D:6      | Found Acikhlarph's Gadget Shop.
  7352 | D:7      | Found a staircase to the Ecumenical Temple.
  7367 | Temple   | Entered the Ecumenical Temple
  7581 | Temple   | Became a worshipper of Qazlal Stormbringer
  7638 | D:7      | Reached skill level 1 in Invocations
  7703 | D:7      | Reached skill level 2 in Invocations
  7741 | D:7      | Found a glowing golden altar of the Shining One.
  7822 | D:7      | Reached skill level 3 in Invocations
  7829 | D:7      | Reached skill level 4 in Invocations
  7834 | D:7      | Reached XP level 9. HP: 42/72 MP: 10/12
  7844 | D:7      | Reached skill level 5 in Invocations
  8109 | D:7      | Noticed Joseph
  8137 | D:7      | Killed Joseph
  8137 | D:7      | Reached skill level 6 in Invocations
  8751 | D:7      | Reached skill level 7 in Invocations
  8838 | D:8      | Reached * piety under Qazlal
  8891 | D:8      | Found Zopp's Assorted Antiques.
  9405 | D:8      | Reached skill level 8 in Invocations
  9522 | D:8      | Reached XP level 10. HP: 60/80 MP: 16/16
 10033 | D:8      | Found a radiant altar of Vehumet.
 10039 | D:8      | Reached ** piety under Qazlal
 10039 | D:8      | Reached skill level 10 in Axes
 10668 | D:9      | Found an opulent altar of Gozag.
 10810 | D:9      | Reached skill level 9 in Invocations
 11256 | D:9      | Found a staircase to the Lair.
 11426 | D:9      | Found an iron altar of Okawaru.
 11427 | D:9      | Found a bloodstained altar of Trog.
 11720 | D:10     | Entered Level 10 of the Dungeon
 11721 | D:10     | Reached skill level 10 in Invocations
 11724 | D:10     | Got an ancient scale mail
 11737 | D:10     | Identified the +5 scale mail of the Sixty-Six Dances {rElec
                  | MR+} (You found it on level 10 of the Dungeon)
 11837 | D:10     | Found a runed translucent gate.
 11838 | D:10     | Found a runed translucent gate.
 11839 | D:10     | Found a runed translucent gate.
 11839 | D:10     | Noticed a nine-headed hydra
 11839 | D:10     | Noticed Tommers's ghost (journeyman TeAE)
 11847 | D:10     | Noticed a nine-headed hydra
 11928 | D:10     | HP: 4/82 [poisoned by a killer bee]
 11933 | D:10     | HP: 4/82 [poisoned by a killer bee]
 11938 | D:10     | HP: 3/82 [poisoned by a killer bee]
 11946 | D:10     | HP: 3/82 [poisoned by a killer bee]
 12975 | D:10     | Noticed Josephine
 12983 | D:10     | Killed Josephine
 12983 | D:10     | Reached skill level 11 in Invocations
 12983 | D:10     | Gained mutation: You are partially covered in sharp spines.
                  | [demonic ancestry]
 12983 | D:10     | Reached XP level 11. HP: 23/89 MP: 14/19
 13325 | D:10     | Found a roughly hewn altar of Beogh.
 13588 | Lair:1   | Entered Level 1 of the Lair of Beasts
 14015 | Lair:1   | Reached skill level 12 in Invocations
 14269 | Lair:1   | Noticed an oklob plant
 14296 | Lair:1   | Reached *** piety under Qazlal
 14360 | Lair:1   | Killed an oklob plant
 14584 | Lair:1   | You fall into a shaft and drop 1 floor!
 16356 | Lair:2   | Reached skill level 13 in Invocations
 16361 | Lair:2   | Reached skill level 10 in Fighting
 17169 | Lair:2   | Gained mutation: You have razor-sharp toenails. [demonic
                  | ancestry]
 17169 | Lair:2   | Reached XP level 12. HP: 74/97 MP: 20/22
 17464 | Lair:3   | Found a hole to the Spider Nest.
 17989 | Lair:3   | Reached skill level 14 in Invocations
 19460 | Lair:4   | Noticed a death yak
 19462 | Lair:4   | Noticed a death yak
 19463 | Lair:4   | Killed a death yak
 19468 | Lair:4   | Noticed a death yak
 19476 | Lair:4   | Killed a death yak
 19476 | Lair:4   | Reached skill level 15 in Invocations
 19480 | Lair:4   | Killed a death yak
 19726 | Lair:4   | Found a staircase to the Shoals.
 20209 | Lair:5   | Noticed a death yak
 20210 | Lair:5   | Noticed a death yak
 20503 | Lair:5   | Noticed a death yak
 20512 | Lair:4   | Killed a death yak
 20800 | Lair:5   | Noticed a death yak
 20810 | Lair:4   | Killed a death yak
 20810 | Lair:4   | Gained mutation: A demonic guardian rushes to your aid.
                  | [demonic ancestry]
 20810 | Lair:4   | Reached XP level 13. HP: 100/106 MP: 24/24
 21092 | Lair:5   | Found a runed translucent door.
 21522 | Lair:5   | You fall into a shaft and drop 1 floor!
 21522 | Lair:6   | Entered Level 6 of the Lair of Beasts
 21689 | Lair:6   | Reached skill level 16 in Invocations
 21986 | Lair:5   | Found a viscous altar of Jiyva.
 21986 | Lair:5   | Found a staircase to the Slime Pits.
 22006 | Lair:5   | Noticed Imumygh's ghost (journeyman HOMo)
 23919 | Lair:6   | Noticed a dire elephant
 24170 | Lair:6   | Noticed a dire elephant
 24170 | Lair:6   | Noticed a dire elephant
 24175 | Lair:6   | Killed a dire elephant
 24184 | Lair:6   | Killed a dire elephant
 24351 | Lair:6   | Got a shimmering ruby amulet
 24367 | Lair:6   | Identified the amulet of the Monkey {Spirit rElec MR-
                  | Dex+8} (You found it on level 6 of the Lair of Beasts)
 24395 | Lair:6   | Noticed a dire elephant
 24415 | Lair:6   | Killed a dire elephant
 25171 | Lair:6   | Killed a dire elephant
 25177 | Lair:6   | Noticed a dire elephant
 25418 | Lair:6   | Noticed a dire elephant
 25425 | Lair:6   | Killed a dire elephant
 25425 | Lair:6   | Reached skill level 17 in Invocations
 25579 | D:6      | Bought the ring of Voras {+Inv rElec rPois Int-2} for 478
                  | gold pieces
 26409 | D:12     | Got a transparent hat
 26415 | D:12     | Identified the +0 hat of the Known World {MR+ Str+2} (You
                  | found it on level 12 of the Dungeon)
 26463 | D:12     | Reached skill level 1 in Evocations
 26604 | D:12     | Found a staircase to the Orcish Mines.
 26631 | D:12     | Found Fiani's Weapon Emporium.
 26828 | D:12     | Reached XP level 14. HP: 80/114 MP: 21/26
 27358 | D:5      | Bought a heavily runed plate armour for 672 gold pieces
 27368 | D:5      | Identified the cursed +0 plate armour of Rexieczoot {rElec
                  | rPois MR++ Int-5} (You bought it in a shop on level 5 of
                  | the Dungeon)
 27601 | Orc:1    | Entered Level 1 of the Orcish Mines
 27710 | Orc:2    | Entered Level 2 of the Orcish Mines
 28081 | Orc:2    | Found a radiant altar of Vehumet.
 28169 | Orc:2    | Noticed Erolcha
 28173 | Orc:2    | Killed Erolcha
 28340 | Orc:2    | Found a roughly hewn altar of Beogh.
 28536 | Orc:2    | Found a staircase to the Elven Halls.
 28605 | Orc:2    | Found Keloen's Book Shop.
 28605 | Orc:2    | Found Yggudet's Jewellery Emporium.
 28684 | Orc:2    | Found Firoewn's Jewellery Shop.
 28684 | Orc:2    | Found Weasakk's Antique Weapon Emporium.
 28707 | Orc:2    | Bought the ring "Wiff" {+Blink rF+ rC+} for 736 gold pieces
 29980 | D:12     | Reached skill level 15 in Axes
 30017 | D:12     | Found a burning altar of Makhleb.
 30051 | D:12     | Found a roughly hewn altar of Beogh.
 30789 | D:13     | Found a runed translucent door.
 30824 | D:13     | Noticed Snorg
 30830 | D:13     | Killed Snorg
 30830 | D:13     | Reached skill level 18 in Invocations
 31204 | D:13     | Found a runed translucent door.
 31431 | Orc:2    | Bought an uncursed amulet of the acrobat for 390 gold
                  | pieces
 31965 | D:14     | Noticed Rupert
 31972 | D:14     | Killed Rupert
 32410 | D:14     | Found a gate to the Vaults.
 33037 | D:14     | Reached **** piety under Qazlal
 33253 | D:15     | Entered Level 15 of the Dungeon
 33593 | D:15     | Reached XP level 15. HP: 96/122 MP: 23/28
 33712 | D:15     | Found a staircase to the Depths.
 33902 | D:15     | Found a sparkling altar of Nemelex Xobeh.
 34031 | D:15     | Reached skill level 5 in Evocations
 34139 | D:15     | Noticed Kirke
 34152 | D:15     | Killed Kirke
 34198 | D:15     | Noticed Roxanne
 34706 | Spider:1 | Entered Level 1 of the Spider Nest
 34912 | Spider:1 | Reached skill level 19 in Invocations
 38247 | Spider:2 | Noticed Arachne
 38263 | Spider:2 | Killed Arachne
 39122 | Spider:2 | Mangled by an entropy weaver

Levels and vault maps discovered:
D:1:      minmay_arrival_jagged, layout_loops_corners,
          nemelex_xobeh_ov_fountains_minmay
D:2:      layout_basic, old_standard_altar
D:3:      layout_loops_ring, first_ration
D:4:      layout_rooms, grunt_temple_overflow_open, serial_shops, shop
D:5:      layout_basic, serial_shops, nicolae_shop_crystal,
          kennysheep_windowed_goal
D:6:      layout_loops_ring, serial_shops, kennysheep_mini_moat,
          nicolae_shop_waterfront, shop, shop, grunt_decor_arrowhead
D:7:      layout_loops_ring, temple_fountains, basic_altar, grunt_livestock,
          minmay_misc_feat_tower, minmay_manual_mess, uniq_joseph
D:8:      layout_cave_pools, old_standard_altar, serial_shops,
          nicolae_shop_overgrown_old_shop, st_stairs_3
D:9:      layout_roguey, grunt_temple_overflow_bloody_war,
          nicolae_gozag_cash_rules_everything_around_me,
          minmay_lair_entry_grove, minmay_orc_keep
D:10:     layout_roguey, gammafunk_ghost_hydra_chop, special_room
          [special_room_orc], eino_jars, uniq_josephine
D:11:     layout_big_octagon
D:12:     layout_roguey [special_room_orc], orc_david_3, bloody_makhleb
D:13:     cheibrodos_histonic, layout_cave_pools, uniq_snorg
D:14:     layout_basic, david_vaults_3, uniq_rupert
D:15:     gammafunk_depths_entry_grave, layout_irregular_city, basic_altar,
          uniq_roxanne, uniq_kirke
Temple:   nicolae_temple_great_sept
Lair:1:   lemuel_slime, layout_loops_ring, serial_bayou_pond_d
Lair:2:   layout_layer_cave, special_room
Lair:3:   layout_loops_ring, nicolae_spider_entry_orb_guardian,
          portal_ice_cave_entry_ice_beasts
Lair:4:   layout_hall_layers, minmay_shoals_entry_beasts
Lair:5:   layout_loops_ring, dpeg_slime_entry_enclosed_altar,
          ebering_ghost_reflecting_pool, beast_lair_carwin_4
Lair:6:   due_jungle_book, layout_loops_ring
Spider:1: layout_spider_delve, hangedman_spider_trapstep
Spider:2: layout_spider_delve, uniq_arachne
Orc:1:    layout_diamond_mine, nicolae_orc_flooded_monolith,
          statue_in_the_mist_lemuel
Orc:2:    st_orc_town, layout_diamond_mine, basic_altar, uniq_erolcha

Skill      XL: |  1  2  3  4  5  6  7  8  9 10 11 12 13 14 15 |
---------------+----------------------------------------------+-----
Axes           | 2 3 4 5 7 8 9 11 12 13 14 15 16 | 16.3
Fighting       | 4 5 6 7 8 9 10 11 12 13 | 13.2
Invocations    | 4 8 11 13 15 17 18 19 | 19.7
Evocations     | 1 4 6 |  6.4
Armour         | |  2.6
Shields        | |  2.6

Action                   |  1- 3 |  4- 6 |  7- 9 | 10-12 | 13-15 || total
-------------------------+-------+-------+-------+-------+-------++-------
Melee: War axe           |   103 |   256 |   270 |   678 |   176 ||  1483
       Kick              |       |       |    49 |    25 |   372 ||   446
       Broad axe         |       |       |       |       |   747 ||   747
Invok: Upheaval          |       |       |       |    31 |    50 ||    81
 Abil: Evoke Invisibilit |       |       |       |       |     1 ||     1
  Use: Potion            |     2 |     3 |     2 |     2 |     8 ||    17
       Scroll            |       |    10 |     6 |     9 |    16 ||    41
 Stab: Distracted        |       |       |     2 |     6 |     5 ||    13
       Invisible         |       |       |       |       |     7 ||     7
  Eat: Chunk             |     3 |    11 |    14 |    33 |    48 ||   109
       Ration            |       |       |       |     1 |     3 ||     4
Armor: Scale mail        |    44 |    52 |       |   156 |   249 ||   501
       Plate armour      |       |    62 |   132 |    74 |       ||   268
Dodge: Dodged            |    38 |    56 |    65 |   162 |   235 ||   556
Block: Shield            |    56 |    96 |   127 |   469 |   640 ||  1388
       Reflection        |       |       |       |     2 |    26 ||    28
